 Dungeon Crawl Stone Soup version 0.23.1 (webtiles) character file.

Game seed: 14580563315437291230

51 Borgoz the Sneak (level 3, -5/27 HPs)
             Began as a Ghoul Enchanter on Mar 13, 2019.
             Slain by an ogre
             ... wielding a +0 giant club
              (16 damage)
             ... on level 2 of the Dungeon.
             The game lasted 00:03:11 (2284 turns).

Borgoz the Sneak (Ghoul Enchanter)                  Turns: 2284, Time: 00:03:11

Health: -5/27      AC:  3    Str: 11    XL:     3   Next: 81%
Magic:  0/5        EV: 11    Int: 10    God:
Gold:   31         SH:  0    Dex: 10    Spells: 5/6 levels left

rFire    . . .     SeeInvis .   b - +2 dagger (drain)
rCold    + . .     Gourm    .   (no shield)
rNeg     + + +     Faith    .   m - +0 leather armour
rPois    ∞         Spirit   +   (no helmet)
rElec    .         Reflect  .   (no cloak)
rCorr    .         Harm     .   (no gloves)
MR       .....                  (no boots)
Stlth    ++........             k - amulet of guardian spirit
HPRegen  0.00/turn              (no ring)
MPRegen  0.09/turn              (no ring)

@: rotting
A: rotting body, claws 1, carnivore, cold resistance 1, negative energy
resistance 3, inhibited regeneration, torment resistance, unbreathing
a: no special abilities


You were on level 2 of the Dungeon.
You were not hungry.

You visited 1 branch of the dungeon, and saw 2 of its levels.

You collected 31 gold pieces.

Inventory:

Hand Weapons
 b - a +2 dagger of draining (weapon)
 l - a +0 rapier
Armour
 m - a +0 leather armour (worn)
Jewellery
 k - an amulet of guardian spirit (around neck)
Scrolls
 c - a scroll of enchant armour {unknown}
 e - 3 scrolls of identify {unknown}
 g - a scroll of teleportation {unknown}
 h - a scroll of fear {unknown}
Potions
 f - 2 potions of berserk rage {unknown}
 i - a potion of curing {unknown}
 j - a potion of agility {unknown}
 o - a potion of heal wounds {unknown}
Comestibles
 d - 3 rations


   Skills:
 + Level 0.9 Fighting
 * Level 1.6 Short Blades
 * Level 1.1 Armour
 + Level 2.0 Dodging
 + Level 3.5 Stealth
 + Level 2.0 Spellcasting
 * Level 2.7 Hexes


You had 5 spell levels left.
You knew the following spells:

 Your Spells              Type           Power        Failure   Level  Hunger
a - Corona                Hex            #......      14%         1    ##.....

Your spell library contained the following spells:

 Spells                   Type           Power        Failure   Level  Hunger
 Ensorcelled Hibernation  Hex/Ice        #.....       34%         2    ###....
 Confuse                  Hex            #.......     38%         3    ####...
 Tukima's Dance           Hex            #.......     38%         3    ####...
 Dazzling Spray           Conj/Hex       #.....       56%         3    ####...


Dungeon Overview and Level Annotations

Branches:
Dungeon (2/15)

Altars:


Innate Abilities, Weirdness & Mutations

Your body is rotting away.
You thrive on raw meat.
You are immune to poison.
You have sharp fingernails.
You are carnivorous and can eat meat at any time.
Your flesh is cold resistant. (rC+)
You are immune to negative energy. (rN+++)
You do not regenerate when monsters are visible.
You are immune to unholy pain and torment.
You can survive without breathing.


Message History

The ogre hits you with a +0 giant club!
You hit the ogre. You drain the ogre.
The ogre is heavily wounded.
The ogre misses you.
You hit the ogre.
The ogre is heavily wounded.
You hit the ogre. You drain the ogre.
The ogre is severely wounded.
The ogre hits you with a +0 giant club!
* * * LOW HITPOINT WARNING * * *
Eat one of 2 chunks of flesh? (ye/n/q)
You eat one of the 2 chunks of flesh.
This raw flesh tastes great!
The ogre barely misses you.
Eat a chunk of flesh? (ye/n/q)
You eat the chunk of flesh.
This raw flesh tastes great!
You hit the ogre. You drain the ogre.
The ogre is almost dead.
The ogre hits you with a +0 giant club!!
Ouch! That really hurt!
You die...

..## #[.# .#.# #8.# ...#
##.# ...# #.# .#.# ##.#.#
..## #!.#.# ...# #8.#.#
..## ##O#.# .#.# #@#.# .†.#
##.#.# .(.# #.÷#.# .#.#
#8.).# ..## ####.#
...###############.#
..##...............#
#.......###################
.....##...######..........#


You could see an ogre.

Vanquished Creatures
  2 adders (D:2)
  A dart slug (D:1)
  A leopard gecko (D:1)
  A giant cockroach (D:1)
  5 goblins
  2 hobgoblins (D:2)
  8 kobolds
  A ball python (D:1)
  5 bats
  2 frilled lizards (D:1)
  4 rats
32 creatures vanquished.

Notes
Turn   | Place    | Note
-------+----------+-------------------------------------------
     0 | D:1      | Borgoz the Ghoul Enchanter began the quest for the Orb.
     0 | D:1      | Reached XP level 1. HP: 14/14 MP: 2/2
    77 | D:1      | Reached skill level 1 in Short Blades
   661 | D:1      | Reached XP level 2. HP: 13/20 MP: 3/3
  1599 | D:2      | Reached skill level 1 in Armour
  1599 | D:2      | Reached XP level 3. HP: 9/27 MP: 1/4
  2265 | D:2      | Noticed an ogre
  2284 | D:2      | Slain by an ogre

Skill      XL: |  1  2  3 |
---------------+----------+-----
Short Blades   | 1 |  1.6
Armour         | 1 |  1.1
Dodging        | 2 |  2.0
Spellcasting   | 2 |  2.0
Fighting       | |  0.9
Stealth        | |  3.5
Hexes          | |  2.7

Action                   || total
-------------------------++-------
Melee: Dagger            ||   114
       Rapier            ||    39
 Stab: Sleeping          ||     2
  Eat: Chunk             ||    13
Armor: Robe              ||    28
       Leather armour    ||     3
Dodge: Dodged            ||   107
